 Dungeon Crawl Stone Soup version 0.32-a0-931-g5a2cda0630 (webtiles) character file.

Game seed: 15895791572361916282

1329700 NormalPerson7 the Impregnable (level 25, 250/250 HPs)
             Began as an Armataur Fire Elementalist on Apr 12, 2024.
             Was the Champion of Ashenzari.
             Escaped with the Orb
             ... and 3 runes on Apr 13, 2024!
             The game lasted 05:23:23 (109485 turns).

NormalPerson7 the Impregnable (AtFE)              Turns: 109485, Time: 05:23:23

Health: 250/250    AC: 50    Str: 20    XL:     25   Next: 19%
Magic:  52/52      EV: 11    Int: 25    God:    Ashenzari [******]
Gold:   2281       SH: 14    Dex: 18    Spells: 5/56 levels left

rFire   + . .        K - staff of the Chained Augur (curse) {rF+ Dex+6 SInv Necro Fire, Cun, Sorc, !a} (curse)
rCold   + . .        H - +0 kite shield of the Gnostic Negation {Self, Cun} (curse)
rNeg    . . .        n - +8 chain mail "Prison of Ashenzari" {Will++, Self, Elem} (curse)
rPois   +            J - +2 helmet of the Perceptive Moon {Elem, Dev} (curse)
rElec   +            N - +2 cloak of the Sidereal Augur {rCorr, Elem, Comp} (curse)
rCorr   +            L - +1 pair of gloves "Gaze Upon Infinity" {Range, Elem} (curse)
SInv    +            g - +6 lightning scales {swift, rElec, Fort, Dev} (curse)
Will    +++..        C - amulet "Thunder Perfect Mind" {Acrobat, Bglg, Self} (curse)
Stlth   +            b - ring of the Chained Sphere {rC+ MP+9 Str+5 Stlth+, Self, Sorc} (curse)
HPRegen 0.61/turn    A - ring of Ashenzari's Loss {rPois rCorr, Sorc, Cun} (curse)
MPRegen 0.33/turn

%: acrobat, clarity, roll
@: studying 3 skills, quick
A: large, deformed body, tough skin 3, armoured tail, rollpage 2, berserk 1,
inability to drink after injury 1, sturdy frame 1
0: Orb of Zot
}: 3/15 runes: barnacled, slimy, gossamer
a: Renounce Religion, Shatter the Chains


You escaped.
You worshipped Ashenzari.
Ashenzari was exalted by your worship.
You visited 11 branches of the dungeon, and saw 52 of its levels.
You visited 1 bazaar.
You also visited: Gauntlet and Wizlab.

You collected 6668 gold pieces.
You spent 4387 gold pieces at shops.

Inventory:

Missiles
 w - 4 throwing nets {!f}
 Q - 9 curare-tipped darts
Armour
 g - the cursed +6 lightning scales (worn) {swift, rElec, Fort, Dev}
   (You acquired it on level 3 of the Shoals)

   Swift:     It allows the wearer to cover ground more swiftly.
   rElec:     It insulates you from electricity.
   It has a curse which improves the following skills: Fortitude: Armour and
   Shields.
   Devices:   Evocations and Shapeshifting.
 n - the cursed +8 chain mail "Prison of Ashenzari" (worn) {Will++, Self, Elem}
   (You found it on level 1 of the Shoals)

   Will++:    It greatly increases your willpower.
   It has a curse which improves the following skills: Introspection: Fighting
   and Spellcasting.
   Elements:  Fire Magic, Ice Magic, Air Magic and Earth Magic.
 H - the cursed +0 kite shield of the Gnostic Negation (worn) {Self, Cun}
   (You took it off a tengu warrior on level 14 of the Dungeon)

   It has a curse which improves the following skills: Introspection: Fighting
   and Spellcasting.
   Cunning:   Dodging and Stealth.
 J - the cursed +2 helmet of the Perceptive Moon (worn) {Elem, Dev}
   (You found it on level 1 of the Dungeon)

   It has a curse which improves the following skills: Elements: Fire Magic, Ice
   Magic, Air Magic and Earth Magic.
   Devices:   Evocations and Shapeshifting.
 L - the cursed +1 pair of gloves "Gaze Upon Infinity" (worn) {Range, Elem}
   (You found it on level 4 of the Dungeon)

   It has a curse which improves the following skills: Ranged Combat: Ranged
   Weapons and Throwing.
   Elements:  Fire Magic, Ice Magic, Air Magic and Earth Magic.
 N - the cursed +2 cloak of the Sidereal Augur (worn) {rCorr, Elem, Comp}
   (You found it on level 3 of the Elven Halls)

   It has a curse which improves the following skills: Elements: Fire Magic, Ice
   Magic, Air Magic and Earth Magic.
   Companions: Summonings and Necromancy.
Magical Staves
 K - the cursed staff of the Chained Augur (weapon) {rF+ Dex+6 SInv Necro Fire, Cun, Sorc, !a}
   (You took it off a minotaur in a Gauntlet)

   [staff of fire]

   Base accuracy: +5 Base damage: 5 Base attack delay: 1.2 This weapon's minimum
   attack delay (0.6) is reached at skill level 12.
   Dex+6:     It affects your dexterity (+6).
   rF+:       It protects you from fire.
   SInv:      It lets you see invisible.
   Necro:     It increases the power of your Necromancy spells.
   Fire:      It increases the power of your Fire spells.
   It falls into the 'Staves' category.
   It is a one-handed weapon.
   It has a curse which improves the following skills: Cunning: Dodging and
   Stealth.
   Sorcery:   Conjurations and Alchemy.
Jewellery
 b - the cursed ring of the Chained Sphere (left hand) {rC+ MP+9 Str+5 Stlth+, Self, Sorc}
   (You found it in a Gauntlet)

   [ring of magical power]

   Str+5:     It affects your strength (+5).
   rC+:       It protects you from cold.
   MP+9:      It affects your magic capacity (+9).
   Stlth+:    It makes you more stealthy.
   It has a curse which improves the following skills: Introspection: Fighting
   and Spellcasting.
   Sorcery:   Conjurations and Alchemy.
 A - the cursed ring of Ashenzari's Loss (right hand) {rPois rCorr, Sorc, Cun}
   (You took it off a deep elf knight on level 3 of the Elven Halls)

   [ring of poison resistance]

   rPois:     It protects you from poison.
   rCorr:     It protects you from acid and corrosion.
   It has a curse which improves the following skills: Sorcery: Conjurations and
   Alchemy.
   Cunning:   Dodging and Stealth.
 C - the cursed amulet "Thunder Perfect Mind" (around neck) {Acrobat, Bglg, Self}
   (You found it on level 5 of the Dungeon)

   [amulet of the acrobat]

   Acrobat:   It increases your evasion while moving and waiting.
   It has a curse which improves the following skills: Beguiling: Hexes and
   Translocations.
   Introspection: Fighting and Spellcasting.
 M - an amulet of magic regeneration
 R - a ring of fire
 W - the ring "Zemaim" {^Drain Fly rN++ rCorr}
   (You found it on level 3 of the Elven Halls)

   [ring of flight]

   rN++:      It greatly protects you from negative energy.
   Fly:       It grants you flight.
   rCorr:     It protects you from acid and corrosion.
   ^Drain:    It drains your maximum health when unequipped.
 Y - a ring of positive energy
 Z - a +6 ring of dexterity
Wands
 a - a wand of digging (25)
 k - a wand of mindburst (48)
 r - a wand of roots (29) (quivered)
 v - a wand of polymorph (19)
 y - a wand of paralysis (57)
 U - a wand of acid (36)
Scrolls
 d - 4 scrolls of vulnerability
 e - 8 scrolls of fear
 j - 2 scrolls of revelation
 l - 8 scrolls of poison
 o - 9 scrolls of fog
 t - 15 scrolls of teleportation
 u - 3 scrolls of butterflies {!r}
 x - 10 scrolls of blinking
 E - a scroll of immolation
 F - 2 scrolls of silence
Potions
 c - a potion of cancellation
 f - 8 potions of haste
 h - 10 potions of heal wounds
 i - 5 potions of brilliance
 m - 4 potions of might
 p - 8 potions of attraction
 q - 22 potions of curing
 s - a potion of resistance
 z - 5 potions of magic
 B - 13 potions of ambrosia
 D - 4 potions of lignification
 I - 6 potions of mutation
 P - 6 potions of enlightenment
 V - 3 potions of invisibility
Miscellaneous
 G - a lightning rod (4/4)
 O - a phantom mirror
 S - a condenser vane
 T - a Gell's gravitambourine (1/2)
 X - a box of beasts


   Skills:
 + Level 19.9(25.2) Fighting
 + Level 23.3(25.3) Armour
 - Level 9.2(14.0) Dodging
 - Level 2.1(5.5) Stealth
 - Level 12.9(15.3) Shields
 - Level 10.5(16.2) Spellcasting
 - Level 12.9(17.6) Conjurations
 - Level 1.4(3.1) Hexes
 - Level 2.0(3.8) Translocations
 - Level 15.9(21.5) Fire Magic
 - Level 5.3(10.7) Ice Magic
 - Level 19.6(25.0) Air Magic
 - Level 4.2(8.5) Alchemy
 - Level 6.8(10.4) Evocations


You had 5 spell levels left.
You knew the following spells:

 Your Spells              Type           Power      Damage    Failure   Level
a - Foxfire               Conj/Fire      100%       2x1d9     0%          1
b - Inner Flame           Hex/Fire       89%        N/A       1%          3
f - Freezing Cloud        Conj/Ice/Air   41%        6-21      1%          5
i - Irradiate             Conj/Alch      35%        3d23      1%          5
j - Arcjolt               Conj/Air       45%        1d55      1%          5
s - Fireball              Conj/Fire      54%        3d21      1%          5
t - Starburst             Conj/Fire      54%        6d15      1%          6
w - Flame Wave            Conj/Fire      100%       2d21      1%          4
x - Plasma Beam           Fire/Air       58%        2x1d74    1%          6
C - Maxwell's Capacitive  Air            49%        ∞         1%          8
S - Swiftness             Air            98%        N/A       0%          3

Your spell library contained the following spells:

 Spells                   Type           Power      Damage    Failure   Level
 Shock                    Conj/Air       100%       1d9       0%          1
 Mercury Vapours          Alch/Air       100%       N/A       0%          2
 Scorch                   Fire           100%       2d9       0%          2
 Static Discharge         Conj/Air       100%       3-8/arc   0%          2
 Airstrike                Air            49%        2d(7-23)  0%          4
 Apportation              Tloc           78%        N/A       1%          1
 Freeze                   Ice            100%       1d10      1%          1
 Kiss of Death            Conj/Necr      100%       2d13      1%          1
 Sting                    Conj/Alch      100%       1d9       1%          1
 Cigotuvi's Dreadful Rot  Necr/Alch/Air  100%       N/A       1%          2
 Ensorcelled Hibernation  Hex/Ice        100%       N/A       1%          2
 Momentum Strike          Conj/Tloc      100%       3d10      1%          2
 Dazzling Flash           Conj/Hex       100%       N/A       1%          3
 Frozen Ramparts          Ice            100%       1d16      1%          3
 Hailstorm                Conj/Ice       74%        3d13      1%          3
 Mephitic Cloud           Conj/Alch/Air  81%        N/A       1%          3
 Ozocubu's Armour         Ice            65%        N/A       1%          3
 Volatile Blastmotes      Fire/Tloc      100%       2d18      1%          3
 Ignite Poison            Fire/Alch      97%        N/A       1%          4
 Iskenderun's Mystic Bla  Conj/Tloc      65%        2d13      (+2d71%     4
 Sticky Flame             Fire/Alch      97%        2d14      1%          4
 Summon Lightning Spire   Summ/Air       70%        N/A       1%          4
 Silence                  Hex/Air        37%        N/A       1%          5
 Slow                     Hex            100%       N/A       2%          1
 Lesser Beckoning         Tloc           78%        N/A       2%          2
 Summon Ice Beast         Ice/Summ       47%        N/A       2%          3
 Olgreb's Toxic Radiance  Alch           58%        N/A       2%          4
 Jinxbite                 Hex            70%        N/A       3%          2
 Maxwell's Portable Pile  Tloc           39%        2d(9-25)  4%          3
 Teleport Other           Tloc           39%        N/A       4%          3
 Necrotise                Necr           100%       1d9       7%          1
 Summon Small Mammal      Summ           84%        N/A       7%          1
 Confusing Touch          Hex            35%        N/A       7%          3
 Sigil of Binding         Hex            35%        N/A       7%          3
 Leda's Liquefaction      Alch/Erth      21%        N/A       12%         4
 Metabolic Englaciation   Hex/Ice        26%        N/A       13%         5
 Passwall                 Erth           24%        N/A       17%         3
 Dimensional Bullseye     Hex/Tloc       18%        N/A       19%         4
 Call Canine Familiar     Summ           21%        N/A       22%         3
 Fugue of the Fallen      Necr           32%        N/A       22%         3
 Vampiric Draining        Necr           32%        2d8       22%         3
 Cause Fear               Hex            17%        N/A       22%         4
 Anguish                  Hex/Necr       21%        N/A       36%         4
 Animate Dead             Necr           32%        N/A       56%         4
 Dispel Undead            Necr           32%        3d14      56%         4
 Martyr's Knell           Necr/Summ      32%        N/A       56%         4
 Summon Mana Viper        Hex/Summ       28%        N/A       73%         5
 Lee's Rapid Deconstruct  Erth           12%        3d8*      83%         5
 Borgnjor's Vile Clutch   Necr/Erth      17%        N/A       87%         5
 Curse of Agony           Necr           32%        N/A       89%         5
 Ignition                 Fire           56%        3d15      8%          8
 Sculpt Simulacrum        Ice/Alch       31%        N/A       24%         6
 Ozocubu's Refrigeration  Ice            32%        4d14      63%         7
 Permafrost Eruption      Ice/Erth       24%        2x4d6     75%         6
 Death Channel            Necr           16%        N/A       100%        6
 Enfeeble                 Hex            17%        N/A       100%        7
 Haunt                    Necr/Summ      16%        N/A       100%        7
 Malign Gateway           Summ/Tloc      15%        N/A       100%        7
 Manifold Assault         Tloc           19%        N/A       100%        7
 Monstrous Menagerie      Summ           10%        N/A       100%        7
 Borgnjor's Revivificati  Necr           16%        N/A       100%        8
 Discord                  Hex            17%        N/A       100%        8
 Infestation              Necr           16%        N/A       100%        8
 Summon Horrible Things   Summ           10%        N/A       100%        8
 Death's Door             Necr           16%        N/A       100%        9
 Dragon's Call            Summ           10%        N/A       100%        9


Dungeon Overview and Level Annotations

Branches:
Dungeon (15/15)            Temple (1/1) D:5            Lair (5/5) D:11
 Shoals (4/4) Lair:2       Spider (4/4) Lair:2        Slime (5/5) Lair:4
    Orc (2/2) D:12            Elf (3/3) Orc:2        Vaults (4/5) D:13
  Crypt (0/3) Vaults:2     Depths (4/4) D:15            Zot (5/5) Depths:4
 WizLab (visited)         Gauntlet (visited)

Altars:
Ashenzari
Cheibriados
Dithmenos
Elyvilon
Fedhas
Gozag
Hepliaklqana
Kikubaaqudgha
Makhleb
Nemelex Xobeh
Okawaru
Qazlal
Ru
Sif Muna
Trog
Uskayaw
Vehumet
Wu Jian
Xom
Yredelemnul
Zin
The Shining One
Beogh
Jiyva

Shops:
D:4 *   D:10 [   Orc:2 *?:[   Elf:2 [   Shoals:1 (:   Shoals:2 *   Depths:1 =::
Depths:4 [

Portals:
Hell: Depths:1 Depths:2 Depths:3 Depths:4
Abyss: Depths:1 Depths:3
Pandemonium: Depths:2 Depths:3 Depths:4
Ziggurat: Depths:2

Annotations:
Slime:5 1 exclusion
Elf:2 3 runed translucent doors
Depths:2 8 runed translucent doors


Innate Abilities, Weirdness & Mutations

Armour fits poorly on your strangely shaped body.
You have extremely tough skin. (AC +3)
You have a long armoured tail.
You regenerate magic and health when rolling toward enemies. (Rampage Regen)
You sometimes lose your temper in combat.
You occasionally lose the ability to drink potions when taking damage.
Your movements are slightly less encumbered by armour. (ER -2)


Message History

You kill the reaper!
Rato bursts into living lightning!
The living lightning hits you! You resist.
Rato blinks!
Unknown command.
Casting: Maxwell's Capacitive Coupling (mildly dangerous; 1% risk of failure)
Confirm with . or Enter, or press ? or * to list all spells.
You begin accumulating electric charge. (Press . to continue charging.)
You feel charge building up...
Rato bursts into living lightning!
The living lightning misses you.
Rato blinks!
You feel charge building up...
Rato bursts into living lightning!
The living lightning hits you. You resist.
Rato blinks!
You feel charge building up...
You feel charge building up... Rato hits you but does no damage.
You feel drained.
The electricity discharges through Rato!!!!!
Rato vaporises in an electric haze!
You kill Rato!
Your phantom mirror has recharged.
Your life force feels restored.
There is an open door here.
You see here a +2 scythe of protection.
There is a stone staircase leading up here.
You climb upwards.
There is a stone staircase leading down here.
(D) Dungeon (T) Temple (L) Lair (A) Shoals (N) Spider Nest (M) Slime Pits (O) Orcish Mines (E) Elven Halls (V) Vaults (C) Crypt (U) Depths (H) Hell (Z) Zot
Where to? (Tab/Enter - D:1 @ (x,y), ? - help)
There is an open door here.
HP restored.
There is an open door here.
Magic restored.
You sense a monster nearby.
There is an open door here.
There is a staircase leading out of the dungeon here.
You have escaped!

........########.########.....##.
...#...## ###.......### ##....##.
####..## ##...........## ##...##.
#..# ##....#####....## #...##.
###..# #...#########...# #...##.
##...####..##.......##..####.....
.....# #...#..##'##..#...# #...#.
...#.# #..##.##...##.##..# #...#.
...#.# #..##.##.@.##.##..# #...#.
...#.# #..##.##...##.##{.# #...#.
...#.# #...#..#####..#...# #...#.
)..#÷####..##.......##..####...##
...#..# #...####.####...# #......
...#..# ##....##'##....## #...###
####..## ##...........## ##...###
#...## ###.......### ##.......
#....#################......##


There were no monsters in sight!

Vanquished Creatures
  the Royal Jelly (Slime:5)
  A pandemonium lord (D:2)
  5 ancient liches (Zot:5)
  2 orbs of fire (Zot:5)
  Mennas (Vaults:2)
  7 Killer Klowns (Zot:5)
  Boris (4 times) (Vaults:1 Vaults:4 Depths:3 Depths:4)
  A Head Instructor (WizLab)
  3 curse toes
  7 golden dragons
  Nikola (Spider:3)
  2 bone dragons
  Arachne (Spider:2)
  4 electric golems
  A lich (Depths:1)
  8 tentacled monstrosities
  A Hell Sentinel (D:2)
  A deep elf blademaster (Elf:3)
  25 Orb Guardians (Zot:5)
  5 quicksilver dragons
  A walking divine tome (Depths:2)
  3 sphinxes
  An Executioner (Depths:2)
  14 acid blobs
  A kraken (Shoals:3)
  3 deep elf master archers (Elf:3)
  2 tentacled starspawn (Zot:3)
  8 death cobs
  5 tengu reavers
  An ancient champion (Depths:1)
  Donald (Shoals:4)
  9 storm dragons
  4 protean progenitors
  6 shadow dragons
  4 draconian knights
  A revenant (Vaults:2)
  8 rockslimes (Slime:5)
  14 azure jellies
  2 fire giants
  4 draconian monks
  5 draconian scorchers
  6 vault wardens
  4 draconian shifters
  8 deep elf sorcerers
  Louise (Shoals:4)
  5 frost giants
  9 emperor scorpions
  4 balrugs
  4 deep elf elementalists (Elf:3)
  A ghost moth (Depths:4)
  A cacodemon (D:14)
  5 draconian annihilators
  7 quicksilver oozes
  3 caustic shrike zombies (Zot:3)
  3 orc warlords
  7 formless jellyfish
  14 stone giants
  A reaper (D:2)
  9 ironbound preservers
  11 very ugly things
  A caustic shrike skeleton (Depths:3)
  7 ironbound thunderhulks
  4 draconian stormcallers
  8 green draconians
  2 broodmothers
  9 white draconians
  9 deep elf annihilators (Elf:3)
  3 deep elf demonologists (Elf:3)
  11 black draconians
  5 vampire knights
  5 red draconians
  A halazid warlock (Zot:3)
  4 lorocyprocas
  14 dire elephants
  Azrael (Elf:2)
  12 deep elf death magi
  3 spark wasps
  4 purple draconians
  9 yellow draconians
  4 merfolk javelineers
  5 merfolk impalers
  7 ettins
  2 eidola (Vaults:1)
  9 fire dragons
  6 entropy weavers
  5 deep elf high priests (Elf:3)
  6 great orbs of eyes
  An entropy weaver (shapeshifter) (D:15)
  12 yaktaur captains
  7 spriggan air magi
  4 vault guards
  3 rakshasas
  An ogre mage (D:13)
  A peacekeeper (Vaults:4)
  2 hell beasts
  7 ice dragons
  6 hydras
  2 merfolk avatars (Shoals:4)
  Erolcha (Orc:2)
  A catoblepas (Lair:3)
  4 alligator snapping turtles
  A salamander tyrant (Depths:1)
  8 centaur warriors
  3 jorogumos (Spider:4)
  7 ironbound frosthearts
  4 radroaches
  17 dancing weapons
  A two-headed ogre (shapeshifter) (Depths:1)
  5 merfolk aquamancers
  5 two-headed ogres
  6 satyrs
  7 boulder beetles
  6 deep troll shamans
  A death scarab (Gauntlet)
  2 hell hogs (Lair:5)
  3 vampire magi
  5 demonic crawlers
  6 occultists
  5 deep troll earth magi
  2 spriggans (Depths:3)
  2 spriggan berserkers
  11 tengu warriors
  5 hell knights
  3 orc high priests (Orc:2)
  2 sun demons (Depths:4)
  A soul eater (D:10)
  A titan skeleton (Depths:3)
  17 deep elf knights
  5 iron trolls
  6 skysharks
  A sixfirhy (Depths:2)
  A spectral death yak (Gauntlet)
  12 sea snakes
  2 skeletal warriors
  8 pharaoh ants
  A shining eye (shapeshifter) (Vaults:4)
  17 deep elf archers
  A glowing orange brain (shapeshifter) (Zot:3)
  A flayed ghost (Depths:3)
  6 arcanists
  7 mana vipers (WizLab)
  49 deep trolls
  7 orb spiders
  4 glowing orange brains
  16 harpies
  14 lindwurms
  An orange crystal statue (Depths:3)
  3 sun moths
  10 orc knights
  A wolf spider zombie (D:15)
  5 steelbarb worms
  33 deep elf pyromancers
  8 necromancers
  21 wolf spiders
  A phantasmal warrior (Vaults:2)
  12 ironbound convokers
  6 shining eyes
  6 thermic dynamos
  A death drake (shapeshifter) (Zot:3)
  33 deep elf zephyrmancers
  A tengu skeleton (Depths:3)
  A will-o-the-wisp (Zot:3)
  3 orc sorcerers (Orc:2)
  16 ugly things
  18 manticores
  6 cyclopes
  14 fauns
  3 meliai (Spider:2)
  A moth of wrath (shapeshifter) (Depths:4)
  2 human zombies
  A large abomination (Depths:2)
  Maurice (Orc:2)
  An apocalypse crab (Zot:3)
  28 moths of wrath
  2 guardian serpents (Zot:3)
  12 vault sentinels
  10 merfolk sirens
  3 eyes of devastation
  A fire giant skeleton (Vaults:4)
  4 elephants (Lair:3)
  9 black mambas
  10 water nymphs
  3 torpor snails
  5 kobold blastminers
  3 gargoyles
  12 cane toads
  3 smoke demons (Depths:4)
  2 molten gargoyles (Lair:5)
  A titan simulacrum (Depths:3)
  A naga mage (WizLab)
  2 orange demons (D:14)
  A centaur skeleton (D:15)
  9 rime drakes
  2 unseen horrors
  Maggie (D:9)
  37 yaktaurs
  2 kobold demonologists (D:13)
  An efreet (D:9)
  17 komodo dragons
  2 freezing wraiths
  A queen bee (Lair:3)
  3 trolls
  8 tengu conjurers
  A polar bear (Vaults:3)
  A guardian serpent (shapeshifter) (Zot:3)
  A tengu simulacrum (Vaults:3)
  12 blink frogs
  27 tarantellas
  2 hornets (Depths:3)
  21 merfolk
  5 wind drakes
  A queen bee (shapeshifter) (Elf:2)
  32 jumping spiders
  6 snapping turtles
  6 dream sheep
  A frost giant simulacrum (Depths:3)
  A glass eye (Depths:3)
  89 slime creatures
  Sigmund (D:6)
  A centaur simulacrum (D:15)
  16 culicivoras
  2 shadows (D:9)
  8 wyverns
  2 wraiths
  75 yaks
  An elf zombie (Vaults:4)
  A jumping spider (shapeshifter) (Zot:3)
  A spriggan (shapeshifter) (Elf:3)
  2 air elementals (Elf:3)
  20 water elementals
  A golden eye (Slime:5)
  11 basilisks
  2 vampires
  A steam dragon (D:10)
  A warg (D:11)
  The ghost of pedritolo the Slasher, an amateur CoDe (D:4)
  61 redbacks
  5 fire elementals
  2 redbacks (shapeshifter)
  8 vampire mosquitoes
  Edmund (D:4)
  2 swamp worms (shapeshifter)
  2 acid dragons
  19 water moccasins
  A glowing shapeshifter skeleton (Vaults:3)
  A human skeleton (Vaults:4)
  5 hell hounds
  18 orc warriors
  A sky beast (D:7)
  An ice beast (D:5)
  2 boggarts (Elf:1)
  3 black bears
  8 centaurs
  5 wolves
  7 ogres
  4 tengu (Zot:3)
  A phantom (D:5)
  12 kobold brigands
  9 bullfrogs
  An earth elemental (Elf:1)
  2 gnoll sergeants (D:9)
  2 scorpions (D:6)
  6 wights
  28 killer bees
  4 electric eels
  5 lava snakes (Lair:5)
  3 hounds
  16 jellies
  16 orc priests
  2 bombardier beetles
  2 gnoll boudas
  Jessica (D:3)
  24 orc wizards
  A sleepcap (D:6)
  9 iguanas
  A boggart skeleton (D:15)
  12 gnolls
  5 adders
  A shadow imp (D:6)
  3 white imps (Vaults:3)
  2 ufetubi (D:5)
  6 dart slugs
  3 ribbon worms (D:2)
  63 orcs
  6 endoplasms
  2 giant cockroaches
  14 goblins
  3 hobgoblins
  3 jackals (D:3)
  4 quokkas
  7 ball pythons
  A frilled lizard (D:2)
  26 kobolds
  12 rats
  3 aspiring fleshes
  4 butterflies (Zot:3)
  2 foxfires (D:11)
  2 starspawn tentacles (Zot:3)
  2 tentacles (Shoals:3)
2027 creatures vanquished.

Vanquished Creatures (collateral kills)
  A minotaur (Gauntlet)
1 creature vanquished.

Vanquished Creatures (others)
  A deep elf zephyrmancer (Elf:2)
  A redback (Spider:3)
  An orc priest (Orc:2)
  2 orc wizards (Orc:2)
  An orc (Orc:2)
  261 foxfires
  4 starspawn tentacles (Zot:3)
  3 tentacles (Shoals:3)
274 creatures vanquished.

Grand Total: 2302 creatures vanquished

Notes
Turn   | Place    | Note
-------+----------+-------------------------------------------
     0 | D:1      | NormalPerson7 the Armataur Fire Elementalist began the
                  | quest for the Orb.
     0 | D:1      | Reached XP level 1. HP: 14/14 MP: 3/3
    69 | D:1      | Reached skill level 1 in Conjurations
   262 | D:1      | Reached XP level 2. HP: 20/20 MP: 2/4
   590 | D:1      | Learned a level 2 spell: Scorch
   803 | D:1      | Reached XP level 3. HP: 26/26 MP: 1/5
  2491 | D:2      | Found a faded altar of an unknown god.
  2870 | D:3      | Identified the +2 leather armour of Shielding {Dex+2}
  3144 | D:3      | Noticed Jessica
  3291 | D:3      | Found a glowing golden altar of the Shining One.
  3529 | D:3      | Reached XP level 4. HP: 33/33 MP: 3/6
  3931 | D:3      | Killed Jessica
  4769 | D:3      | Found a glowing golden altar of the Shining One.
  4840 | D:3      | Reached XP level 5. HP: 37/38 MP: 1/8
  4968 | D:4      | Reached skill level 5 in Fire Magic
  4978 | D:4      | Noticed Edmund
  5109 | D:4      | Noticed a black bear
  5114 | D:4      | Killed a black bear
  5115 | D:4      | Reached XP level 6. HP: 45/45 MP: 1/9
  5130 | D:4      | Reached skill level 1 in Translocations
  5145 | D:4      | Found a transporter.
  5145 | D:4      | Noticed pedritolo's ghost (amateur CoDe)
  5146 | D:4      | Found a transporter.
  5146 | D:4      | Identified the +5 great mace "Mattot" {vamp, Str+3}
  5330 | D:4      | Learned a level 3 spell: Volatile Blastmotes
  5336 | D:4      | Found Zinowoyf's Assorted Antiques.
  5728 | D:4      | Killed Edmund
  5729 | D:4      | Gained mutation: You regenerate magic and health when
                  | rolling toward enemies. (Rampage Regen) [Armataur growth]
  5729 | D:4      | Reached XP level 7. HP: 42/50 MP: 1/11
  5876 | D:4      | Found a shimmering altar of Xom.
  6122 | D:4      | Bought a long glass wand for 108 gold pieces
  6490 | D:5      | Entered Level 5 of the Dungeon
  6843 | D:5      | Reached skill level 5 in Conjurations
  6891 | D:5      | Found a staircase to the Ecumenical Temple.
  6900 | Temple   | Entered the Ecumenical Temple
  6926 | Temple   | Became a worshipper of Ashenzari the Shackled
  7345 | D:6      | Found a burning altar of Makhleb.
  7346 | D:6      | Found an ornate altar of the Wu Jian Council.
  7349 | D:6      | Found a shimmering blue altar of Sif Muna.
  7358 | D:6      | Found a white marble altar of Elyvilon.
  7368 | D:6      | Reached XP level 8. HP: 55/57 MP: 4/12
  7540 | D:6      | Noticed Sigmund
  7605 | D:6      | Learned a level 4 spell: Flame Wave
  8370 | D:6      | Reached * piety under Ashenzari
  8370 | D:6      | Identified a scroll of acquirement
  9115 | D:6      | Killed Sigmund
  9739 | D:7      | Reached ** piety under Ashenzari
  9793 | D:7      | Reached XP level 9. HP: 62/62 MP: 8/13
 11574 | D:8      | HP: 12/62 [yak (5)]
 12287 | D:9      | Noticed Maggie
 12317 | D:9      | Killed Maggie
 12318 | D:9      | Reached skill level 5 in Spellcasting
 12318 | D:9      | Reached XP level 10. HP: 61/69 MP: 0/17
 12452 | D:9      | Reached skill level 1 in Evocations
 12590 | D:9      | Reached skill level 1 in Fighting
 12718 | D:9      | Reached skill level 1 in Air Magic
 12930 | D:9      | Noticed a manticore
 12939 | D:9      | Killed a manticore
 12939 | D:9      | Noticed a seven-headed hydra
 13423 | D:8      | Learned a level 3 spell: Swiftness
 13476 | D:9      | Reached skill level 5 in Air Magic
 13757 | D:9      | Noticed a cyan ugly thing
 13757 | D:9      | Noticed a skeletal warrior
 14250 | D:8      | Killed a cyan ugly thing
 14423 | D:8      | Acquired the Incunable of the Nival Welkin
 14433 | D:8      | Learned a level 5 spell: Arcjolt
 14472 | D:9      | Noticed a manticore
 14589 | D:9      | Killed a manticore
 15064 | D:9      | Killed a seven-headed hydra
 15065 | D:9      | Reached XP level 11. HP: 81/81 MP: 0/20
 15532 | D:10     | Entered Level 10 of the Dungeon
 15577 | D:9      | Killed a skeletal warrior
 15967 | D:10     | Found a radiant altar of Vehumet.
 16179 | D:10     | Found Wopetten's Armour Boutique.
 16251 | D:10     | Reached *** piety under Ashenzari
 16665 | D:11     | Noticed a two-headed ogre
 16684 | D:11     | Killed a two-headed ogre
 16686 | D:11     | Noticed a two-headed ogre
 16828 | D:11     | Reached skill level 1 in Armour
 16837 | D:11     | Reached skill level 2 in Armour
 17005 | D:11     | Found a staircase to the Lair.
 17017 | Lair:1   | Entered Level 1 of the Lair of Beasts
 17020 | Lair:1   | Reached skill level 1 in Shields
 17098 | D:11     | Killed a two-headed ogre
 17250 | D:11     | Learned a level 3 spell: Inner Flame
 17390 | D:11     | Noticed a two-headed ogre
 17400 | D:11     | Killed a two-headed ogre
 17480 | Lair:1   | Reached XP level 12. HP: 86/96 MP: 13/24
 17482 | Lair:1   | Reached skill level 5 in Fighting
 17807 | Lair:1   | Found an ornate altar of the Wu Jian Council.
 17808 | Lair:1   | Noticed a boulder beetle
 17852 | Lair:1   | Reached skill level 1 in Hexes
 18169 | D:4      | Killed pedritolo's ghost
 18755 | Lair:1   | Reached **** piety under Ashenzari
 19173 | Lair:1   | Found a hide-covered altar of Uskayaw.
 19204 | Lair:1   | Noticed a boulder beetle
 19235 | Lair:1   | Killed a boulder beetle
 19429 | Lair:1   | Killed a boulder beetle
 19619 | Lair:1   | Learned a level 6 spell: Plasma Beam
 20175 | Lair:2   | Found a hole to the Spider Nest.
 20434 | Lair:2   | Reached skill level 3 in Armour
 20618 | Lair:2   | Noticed a six-headed hydra
 20619 | Lair:2   | Killed a six-headed hydra
 20662 | Lair:2   | Reached skill level 10 in Air Magic
 20810 | Lair:1   | Reached skill level 10 in Fire Magic
 20810 | Lair:1   | Reached XP level 13. HP: 79/113 MP: 14/28
 22562 | Lair:2   | Found a staircase to the Shoals.
 23263 | D:4      | Bought a scroll labelled OLONOX WAOC for 27 gold pieces
 25554 | Lair:4   | Found a viscous altar of Jiyva.
 25555 | Lair:4   | Found a staircase to the Slime Pits.
 26128 | Lair:5   | Entered Level 5 of the Lair of Beasts
 27275 | Lair:5   | Reached XP level 14. HP: 129/129 MP: 19/29
 28347 | Lair:5   | Learned a level 5 spell: Freezing Cloud
 28478 | Lair:5   | Reached skill level 1 in Ice Magic
 29088 | Lair:5   | Found a large runed translucent door.
 29089 | Lair:5   | Found a large runed translucent door.
 30175 | D:12     | Found a staircase to the Orcish Mines.
 30656 | D:12     | Found a hide-covered altar of Uskayaw.
 30660 | D:12     | Reached skill level 5 in Ice Magic
 30958 | D:12     | Found the +8 demon blade "Leech" {evervamp, Harm ^Drain
                  | rN+}
 31396 | D:13     | Reached skill level 10 in Fighting
 31449 | D:13     | Found a gate leading to a gauntlet.
 31537 | Gauntlet | Entered a Gauntlet
 31537 | Gauntlet | Identified the ring of Wyzyunt {Fly Dex+3}
 31537 | Gauntlet | Identified the ring of Ytogh {rC+ MP+9 Str+5 Stlth+}
 31537 | Gauntlet | Found a transporter.
 31537 | Gauntlet | Found a transporter.
 31537 | Gauntlet | Found a transporter.
 31541 | Gauntlet | Found a transporter.
 31541 | Gauntlet | Found a transporter.
 31541 | Gauntlet | Found a transporter.
 31551 | Gauntlet | Found a transporter.
 31555 | Gauntlet | Found a transporter.
 31557 | Gauntlet | Found a large runed translucent door.
 31557 | Gauntlet | Identified the +3 kite shield of the Old and Reckless {rN+
                  | rCorr Int+2 Dex-4}
 31558 | Gauntlet | Found a large runed translucent door.
 31559 | Gauntlet | Found a large runed translucent door.
 31559 | Gauntlet | Found a large runed translucent door.
 31559 | Gauntlet | Found a runed translucent door.
 31559 | Gauntlet | Found a runed translucent door.
 31560 | Gauntlet | Found a large runed translucent door.
 31560 | Gauntlet | Found a large runed translucent door.
 31560 | Gauntlet | Found a large runed translucent door.
 31560 | Gauntlet | Found a large runed translucent door.
 31561 | Gauntlet | Found a large runed translucent door.
 31561 | Gauntlet | Found a large runed translucent door.
 31562 | Gauntlet | Found a large runed translucent door.
 31562 | Gauntlet | Found a large runed translucent door.
 31563 | Gauntlet | Found a runed translucent gate.
 31563 | Gauntlet | Found a runed translucent gate.
 31563 | Gauntlet | Found a runed translucent gate.
 31564 | Gauntlet | Noticed a quicksilver ooze
 31565 | Gauntlet | Found a transporter.
 31576 | Gauntlet | Found a large runed translucent door.
 31577 | Gauntlet | Found a large runed translucent door.
 31586 | Gauntlet | Found a large runed translucent door.
 31586 | Gauntlet | Found a large runed translucent door.
 31666 | Gauntlet | Found a transporter.
 31666 | Gauntlet | Identified the +3 morningstar of Seteobei {vamp, rElec
                  | rCorr Int-4 Dex+3}
 31670 | Gauntlet | Found a transporter.
 31680 | Gauntlet | Found a transporter.
 32079 | Gauntlet | Killed a quicksilver ooze
 32179 | Gauntlet | Identified the staff "Duseul" {rF+ Dex+6 SInv Necro Fire}
 32195 | Gauntlet | Identified the +0 robe of the Moon {Harm rPois Int+2}
 32332 | D:13     | Reached skill level 4 in Armour
 32911 | D:13     | Reached skill level 5 in Armour
 33493 | D:13     | Reached skill level 5 in Evocations
 33815 | D:13     | Found a gate to the Vaults.
 34264 | D:14     | Reached XP level 15. HP: 138/138 MP: 27/31
 34298 | D:14     | Reached skill level 5 in Shields
 35047 | D:15     | Entered Level 15 of the Dungeon
 35864 | D:15     | Found a staircase to the Depths.
 36509 | Orc:1    | Entered Level 1 of the Orcish Mines
 36704 | Orc:2    | Entered Level 2 of the Orcish Mines
 37266 | Orc:2    | Found a staircase to the Elven Halls.
 38141 | Orc:2    | Noticed Erolcha
 38144 | Orc:2    | Killed Erolcha
 38422 | Orc:2    | Noticed Maurice
 38424 | Orc:2    | Killed Maurice
 38974 | Orc:2    | Reached skill level 10 in Shields
 39435 | Orc:2    | Found Jucassesm's Antique Armour Boutique.
 39435 | Orc:2    | Found Inahus Oserch's Assorted Antiques.
 39437 | Orc:2    | Found Raash's Book Boutique.
 39437 | Orc:2    | Found Lyip Dasch's Magic Scroll Shoppe.
 39458 | Orc:2    | Bought a pair of heavily runed gloves for 389 gold pieces
 39458 | Orc:2    | Identified the +0 pair of gloves of Enwi Vur {rF+ Dex+4
                  | Slay-3 Stlth-} (You bought it in a shop on level 2 of the
                  | Orcish Mines)
 39460 | Orc:2    | Bought a masterwork ring mail for 369 gold pieces
 39460 | Orc:2    | Identified the +0 ring mail of Generosity {Rampage *Corrode
                  | rN+ Dex+2} (You bought it in a shop on level 2 of the
                  | Orcish Mines)
 39615 | D:10     | Bought a +3 ring mail of poison resistance for 230 gold
                  | pieces
 39774 | Orc:2    | Bought a book of the Dragon for 546 gold pieces
 39780 | Orc:2    | Learned a level 5 spell: Fireball
 39781 | Orc:2    | Bought a scroll of butterflies for 52 gold pieces
 39781 | Orc:2    | Bought a scroll of blinking for 97 gold pieces
 39781 | Orc:2    | Bought a scroll of fear for 52 gold pieces
 39781 | Orc:2    | Bought a scroll of teleportation for 39 gold pieces
 39781 | Orc:2    | Bought a scroll of teleportation for 39 gold pieces
 39781 | Orc:2    | Bought a scroll of teleportation for 39 gold pieces
 39781 | Orc:2    | Bought a scroll of teleportation for 39 gold pieces
 40248 | Shoals:1 | Entered Level 1 of the Shoals
 40687 | Shoals:1 | Identified the +8 chain mail of Ithremua {Will++}
 40785 | Shoals:1 | Found Aleivuleb's Weapon Shoppe.
 40862 | Shoals:1 | Reached skill level 10 in Conjurations
 42060 | Shoals:1 | Found Wodezas's Book Emporium.
 42268 | Shoals:2 | Found Wekeh's Island Escapes.
 43042 | Shoals:3 | Reached XP level 16. HP: 141/146 MP: 20/32
 43509 | Shoals:3 | Acquired the +6 lightning scales {swift, rElec}
 43509 | Shoals:3 | Found the +6 lightning scales {swift, rElec}
 43562 | Shoals:3 | Noticed a kraken
 44414 | D:13     | Learned a level 6 spell: Starburst
 45912 | Shoals:3 | Killed a kraken
 46041 | Shoals:4 | Entered Level 4 of the Shoals
 46041 | Shoals:4 | Identified the +5 flail "Pesyalun" {freeze, rElec Str+7
                  | SInv}
 46055 | Shoals:4 | Noticed Louise
 46069 | Shoals:4 | Killed Louise
 47461 | Shoals:4 | Reached skill level 6 in Armour
 47610 | Shoals:4 | Reached skill level 7 in Armour
 47750 | Shoals:4 | Noticed Donald
 47754 | Shoals:4 | Killed Donald
 47950 | Shoals:4 | Reached skill level 8 in Armour
 48231 | Shoals:4 | Got a barnacled rune of Zot
 48433 | Shoals:4 | Reached skill level 9 in Armour
 48808 | Shoals:4 | Reached XP level 17. HP: 133/154 MP: 19/33
 48959 | Shoals:4 | Reached skill level 10 in Armour
 49180 | Spider:1 | Entered Level 1 of the Spider Nest
 49699 | Spider:1 | Reached skill level 11 in Armour
 50507 | Spider:1 | Reached ***** piety under Ashenzari
 50674 | Spider:1 | Reached skill level 12 in Armour
 53745 | Spider:3 | Noticed Nikola
 53747 | Spider:3 | Killed Nikola
 53748 | Spider:3 | Reached skill level 1 in Alchemy
 53845 | Spider:3 | Noticed Arachne
 53856 | Spider:2 | Killed Arachne
 54575 | Spider:3 | Reached skill level 13 in Armour
 55140 | Spider:4 | Entered Level 4 of the Spider Nest
 56233 | Spider:4 | Reached XP level 18. HP: 169/169 MP: 5/35
 58156 | Spider:4 | Got a gossamer rune of Zot
 58522 | Elf:1    | Entered Level 1 of the Elven Halls
 58660 | Vaults:1 | Entered Level 1 of the Vaults
 58687 | Vaults:1 | Identified the +4 robe "Intey" {+Blink rElec Str+2}
 58687 | Vaults:1 | Noticed Boris
 58695 | Vaults:1 | Killed Boris
 61224 | Vaults:1 | Reached skill level 15 in Fire Magic
 61993 | Vaults:2 | Identified the +0 dagger of Upheaval {venom, *Rage rPois
                  | rN+ MP+9}
 63024 | Vaults:2 | Reached XP level 19. HP: 179/179 MP: 33/37
 63025 | Vaults:2 | Noticed Mennas
 63431 | Vaults:2 | Killed Mennas
 64245 | Vaults:2 | Found a staircase to the Crypt.
 65411 | Vaults:2 | Reached skill level 14 in Armour
 66580 | Vaults:3 | Reached skill level 15 in Air Magic
 66603 | Vaults:3 | Identified the +1 ring mail "Feguqeno" {Str+5}
 67037 | Vaults:3 | Identified the +5 hand axe "Yjeosuv" {speed, Stlth+}
 67601 | Vaults:3 | Reached ****** piety under Ashenzari
 68321 | Vaults:4 | Found a magical portal.
 68347 | WizLab   | Entered Yara's Duelist Academy
 69015 | WizLab   | Identified the Papyrus of the Cemetery
 69137 | WizLab   | Found the +5 demon whip "Spellbinder" {antimagic, disrupt,
                  | Will+}
 69189 | WizLab   | Noticed Zaabeus
 69198 | WizLab   | Killed Zaabeus the Head Instructor
 69586 | Vaults:4 | Identified the +4 robe of Dogmatism {rCorr}
 69586 | Vaults:4 | Noticed Boris
 69592 | Vaults:4 | Killed Boris
 69778 | Vaults:4 | Reached XP level 20. HP: 191/191 MP: 21/39
 72456 | Shoals:1 | Bought a book of Spontaneous Combustion for 532 gold pieces
 72462 | Shoals:1 | Learned a level 5 spell: Irradiate
 74678 | Elf:2    | Noticed Azrael
 74700 | Elf:2    | Killed Azrael
 75048 | Elf:2    | Identified the +6 sling of the Gazing Gods {heavy, rF++
                  | SInv}
 75700 | Elf:2    | Found a runed translucent gate.
 75701 | Elf:2    | Found a runed translucent gate.
 75701 | Elf:2    | Found a runed translucent gate.
 75715 | Elf:2    | Found Okheaqirph's Antique Armour Shop.
 75834 | Elf:3    | Entered Level 3 of the Elven Halls
 76808 | Elf:3    | Reached XP level 21. HP: 199/199 MP: 23/42
 76966 | Elf:3    | Paralysed by an air elemental for 1 turns
 76967 | Elf:3    | Reached skill level 10 in Spellcasting
 77653 | Elf:3    | Reached skill level 15 in Armour
 78141 | Elf:3    | Reached skill level 16 in Armour
 78291 | Elf:3    | Identified the ring "Ugepsir" {rPois rCorr}
 78731 | Elf:3    | Identified the ring of Jask {rCorr Dex+3}
 78759 | Elf:3    | Reached skill level 17 in Armour
 79010 | Elf:3    | Identified the +2 short sword "Acarineslayer" {freeze, rF+
                  | rC+ Dex+2}
 79011 | Elf:3    | Identified the ring "Zemaim" {^Drain Fly rN++ rCorr}
 79012 | Elf:3    | Identified the +0 plate armour of Exclusion {-Cast Fly rC-
                  | rCorr}
 79012 | Elf:3    | Identified the +2 trident "Maomupha" {freeze, Will+ Dex+3}
 79462 | Orc:2    | Bought Maxwell's Memoranda for 494 gold pieces
 79469 | Orc:2    | Bought a potion of heal wounds for 150 gold pieces
 79469 | Orc:2    | Bought 2 scrolls of teleportation for 180 gold pieces
 79766 | Vaults:2 | Learned a level 8 spell: Maxwell's Capacitive Coupling
 79991 | Depths:1 | Entered Level 1 of the Depths
 80656 | Depths:1 | Found a gateway to Hell.
 80744 | Depths:1 | Reached skill level 18 in Armour
 81624 | Depths:1 | Found Winwa's Jewellery Shoppe.
 81624 | Depths:1 | Found Jiga's Book Shop.
 81625 | Depths:1 | Found Taigh's Book Shop.
 81733 | Depths:1 | Found a one-way gate to the infinite horrors of the Abyss.
 82066 | Depths:2 | Found a large runed translucent door.
 82071 | Depths:2 | Found a large runed translucent door.
 82071 | Depths:2 | Found a large runed translucent door.
 82072 | Depths:2 | Found a large runed translucent door.
 82515 | Depths:2 | Identified the Papyrus of the Posthumous Inferno
 82624 | Depths:2 | Found a one-way gate leading to the halls of Pandemonium.
 82692 | Depths:2 | Reached skill level 5 in Dodging
 82889 | Depths:2 | Found a large runed translucent door.
 82890 | Depths:2 | Found a large runed translucent door.
 82894 | Depths:2 | Found a large runed translucent door.
 82895 | Depths:2 | Found a large runed translucent door.
 82938 | Depths:2 | Found a one-way gateway to a ziggurat.
 83335 | Depths:2 | Reached XP level 22. HP: 187/205 MP: 41/42
 83606 | Depths:2 | Found an ancient bone altar of Kikubaaqudgha.
 83932 | Depths:3 | Found a flickering gateway to a bazaar.
 83949 | Bazaar   | Entered a bazaar
 83949 | Bazaar   | Found Deicock's Antique Weapon Shop.
 84062 | Bazaar   | Found Bosah's General Store.
 84071 | Bazaar   | Found Ata Arai's Assorted Antiques.
 84076 | Bazaar   | Found Ysseemmos's Jewellery Shop.
 84079 | Bazaar   | Bought a potion of curing for 72 gold pieces
 84085 | Bazaar   | Bought an amulet of magic regeneration for 360 gold pieces
 84101 | Bazaar   | Found Zaonumm's Antique Armour Boutique.
 84110 | Bazaar   | Bought a jewelled ring mail for 279 gold pieces
 84110 | Bazaar   | Identified the +2 ring mail "Xiyss" {Regen+} (You bought it
                  | in a shop in a bazaar)
 84112 | Bazaar   | Bought a distressingly furry chain mail for 294 gold pieces
 84112 | Bazaar   | Identified the +1 chain mail of the Eternal Fruit {Will++
                  | Dex+2} (You bought it in a shop in a bazaar)
 85094 | Depths:3 | Noticed a golden dragon
 85301 | Depths:3 | Reached skill level 19 in Armour
 85313 | Depths:3 | Identified the +3 robe of Iqisint {rElec Slay+2}
 85313 | Depths:3 | Noticed Boris
 85326 | Depths:3 | Killed Boris
 85527 | Depths:3 | Killed a golden dragon
 85804 | Depths:4 | Entered Level 4 of the Depths
 85950 | Depths:4 | Noticed a golden dragon
 85964 | Depths:4 | Killed a golden dragon
 86335 | Depths:4 | Found Gooss's Armour Shoppe.
 87511 | Depths:4 | Identified the +3 robe "Falib" {rCorr}
 87511 | Depths:4 | Noticed Boris
 87518 | Depths:4 | Killed Boris
 87802 | Depths:4 | Found a gate to the Realm of Zot.
 88215 | Depths:3 | Found the +7 staff of the Meek {protect, meekguard}
 88229 | Depths:3 | Identified the +8 spear "Geot Cackaih" {drain, rF+ Int-5
                  | Dex+5}
 89442 | Slime:1  | Entered Level 1 of the Pits of Slime
 89835 | Slime:4  | Acquired 518 gold pieces
 90403 | Slime:5  | Entered Level 5 of the Pits of Slime
 91073 | Slime:5  | Reached XP level 23. HP: 213/213 MP: 42/42
 91273 | Slime:5  | Noticed the Royal Jelly
 91879 | Slime:5  | Found a viscous altar of Jiyva.
 91883 | Slime:5  | Identified the +9 great mace "Qiemniq" {spect, rElec Will+
                  | Stlth+}
 91888 | Slime:5  | Identified the +1 chain mail of the Devil's Team {rPois
                  | Regen+}
 91889 | Slime:5  | Identified the staff of Supply {rElec Str-4 Int+4 Air}
 91890 | Slime:5  | Identified the +0 cloak of Conscience {Dex+7}
 91890 | Slime:5  | Identified the Precepts of Execration
 91907 | Slime:5  | Identified the Compendium of the Linear Departed
 91922 | Slime:5  | Identified the +8 shortbow "Moluj" {elec, rN++ Str+2}
 92311 | Slime:5  | Killed the Royal Jelly
 92312 | Slime:5  | Reached skill level 15 in Fighting
 92859 | Slime:5  | Got a slimy rune of Zot
 94381 | Zot:1    | Entered Level 1 of the Realm of Zot
 95535 | Zot:1    | Noticed a curse toe
 96214 | Depths:4 | Killed a curse toe
 96918 | Zot:1    | Reached skill level 20 in Armour
 97584 | Zot:1    | Identified the +7 swamp dragon scales of the Moon {Harm
                  | rPois rN+ Int+3}
 98108 | Zot:2    | Noticed a curse toe
 98116 | Zot:2    | Killed a curse toe
 98163 | Zot:2    | Reached skill level 21 in Armour
 98924 | Zot:2    | Identified the +1 pair of gloves of Spring {Dex+6}
101879 | Zot:3    | Reached XP level 24. HP: 235/235 MP: 41/43
102381 | Zot:3    | Found a roughly hewn altar of Beogh.
103790 | Zot:4    | Identified the +7 mace "Kaorieki" {spect, rElec rN++ Str+2
                  | Stlth-}
104614 | Zot:5    | Entered Level 5 of the Realm of Zot
104944 | Zot:5    | Acquired a manual of Fire Magic
105362 | Zot:5    | Reached skill level 22 in Armour
105740 | Zot:5    | Noticed an ancient lich
105744 | Zot:5    | Killed an ancient lich
105968 | Zot:5    | Noticed an orb of fire
105971 | Zot:5    | Gained mutation: You occasionally lose the ability to read
                  | scrolls when taking damage. [an orb of fire]
105973 | Zot:5    | Killed an orb of fire
106083 | Zot:5    | Lost mutation: You occasionally lose the ability to read
                  | scrolls when taking damage. [potion of mutation]
106083 | Zot:5    | Gained mutation: You sometimes lose your temper in combat.
                  | [potion of mutation]
106083 | Zot:5    | Gained mutation: You occasionally lose the ability to drink
                  | potions when taking damage. [potion of mutation]
106083 | Zot:5    | Gained mutation: Your movements are slightly less
                  | encumbered by armour. (ER -2) [potion of mutation]
106104 | Zot:5    | Noticed an ancient lich
106107 | Zot:5    | Killed an ancient lich
106169 | Zot:5    | Noticed a Killer Klown
106184 | Zot:5    | Killed a Killer Klown
106347 | Zot:5    | Noticed a Killer Klown
106351 | Zot:5    | Killed a Killer Klown
106614 | Zot:5    | Noticed an ancient lich
106619 | Zot:5    | Killed an ancient lich
106628 | Zot:5    | Noticed a Killer Klown
106632 | Zot:5    | Killed a Killer Klown
106644 | Zot:5    | Noticed an orb of fire
106666 | Zot:5    | Killed an orb of fire
107006 | Zot:5    | Noticed a Killer Klown
107011 | Zot:5    | Killed a Killer Klown
107067 | Zot:5    | Noticed a Killer Klown
107100 | Zot:5    | Killed a Killer Klown
107352 | Zot:5    | Noticed an ancient lich
107354 | Zot:5    | Noticed a Killer Klown
107366 | Zot:5    | Killed a Killer Klown
107371 | Zot:5    | Killed an ancient lich
107892 | Zot:5    | Noticed a Killer Klown
107896 | Zot:5    | Killed a Killer Klown
108296 | Zot:5    | Reached XP level 25. HP: 248/248 MP: 43/43
108299 | Zot:5    | Noticed an ancient lich
108304 | Zot:5    | Killed an ancient lich
108419 | Zot:5    | Reached skill level 23 in Armour
108846 | Zot:5    | Got the Orb of Zot
109421 | D:2      | Noticed Rato the pandemonium lord
109430 | D:2      | Killed Rato the pandemonium lord
109485 | D:$      | Escaped with the Orb!

Illustrated notes

Levels and vault maps discovered:
D:1:      dpeg_arrival_concentric_ovals, layout_basic, minmay_rat_gold_closets
D:2:      layout_loops_corners, dilly_ecumenical_altar_fadedgnrine
D:3:      layout_loops_corners, tso_oasis_becter, uniq_jessica
D:4:      layout_loops_cross, kennysheep_mini, gammafunk_ghost_smash,
          serial_shops, shop, uniq_edmund
D:5:      layout_basic, minmay_temple_entry_stoned_glass, minmay_splitting_lines
D:6:      layout_layer_cave, nicolae_overflow_macrodata_refinement, uniq_sigmund
D:7:      layout_loops_corners
D:8:      layout_basic, hex_medium, chequers_mini_garden
D:9:      nzn_winding_woodlands_stair_cross [nzn_winding_woodlands_5x15_pool,
          nzn_winding_woodlands_center_triple_pond,
          nzn_winding_woodlands_5x15_lazy_stream,
          nzn_winding_woodlands_hourglass, nzn_winding_woodlands_5x5_perimeter,
          nzn_winding_woodlands_5x15_pathside_ponds,
          nzn_winding_woodlands_center_lodge, nzn_winding_woodlands_5x15_twine],
          layout_loops_ring, minivault_27, uniq_maggie
D:10:     layout_loops_ring, overflow_temple_1_default, serial_shops, shop
D:11:     layout_basic, erik_lair_orcish_takeover
D:12:     layout_roguey, orc_0_dummy, dreamdust_deal_with_the_devil,
          minmay_crystal_water, eat_drink_and_be_merry_uskayaw
D:13:     layout_rooms, hangedman_vaults_entry_quadrant_bands,
          gauntlet_entry_generic
D:14:     layout_rooms, nicolae_cairo_tiling_very_big, minmay_circle_x
D:15:     grunt_enter_depths_magical_seal, layout_basic, minmay_strange_pillars
Temple:   nicolae_temple_no_exploring_needed
Lair:1:   layout_loops_ring, nzn_masters_of_martial_movement
Lair:2:   beast_lair_carwin_large_4, layout_misc_corridors,
          minmay_shoals_entry_beasts, spider_nest_entry_a, serial_bayou_shore_b,
          lemuel_fruit_tree
Lair:3:   layout_roguey [special_room_bee]
Lair:4:   layout_cave_pods, minmay_slime_entry_jelly_boxes
Lair:5:   cheibrodos_lair_end_hotspot, layout_hall_layers
Shoals:1: layout_shoals, serial_shops, shop_fountains, shop
Shoals:2: layout_shoals, nicolae_island_escapes
Shoals:3: layout_shoals
Shoals:4: shoals_end_grunt_ice, layout_shoals, uniq_louise, uniq_donald
Spider:1: layout_spider_delve, nicolae_spider_webs_and_nodes
Spider:2: layout_chambers, drop_trap
Spider:3: layout_spider_delve, uniq_arachne, uniq_nikola
Spider:4: grunt_spider_rune_circles, nicolae_spider_webbed_stairs
Slime:1:  layout_caves
Slime:2:  layout_caves
Slime:3:  layout_caves
Slime:4:  layout_caves
Slime:5:  slime_pit_nicolae_trefoil
Orc:1:    layout_diamond_mine
Orc:2:    grunt_orc_tribal_feast, layout_caves, uniq_maurice, uniq_erolcha
Elf:1:    elf_arrival_002, layout_geoelf_diagonals, hangedman_elf_disciples
Elf:2:    nicolae_elf_blades_crystal_corner, layout_onion_city, serial_shops,
          shop, uniq_azrael, uniq_agnes
Elf:3:    minmay_elf_hall_four_x, layout_geoelf_grid,
          serial_sigils_hangedman_shear, minmay_crystal_room
Vaults:1: v_misc_18, nicolae_vaults_apartment_2, nicolae_vaults_tangram_1,
          v_misc_29, vaults_standard_mumra_enter_the_diamond,
          nicolae_vaults_stand_back, nicolae_vaults_trapezoid_layered,
          vaults_dpeg_hooks, layout_vaults_omnigrid, uniq_boris
Vaults:2: hangedman_vaults_snaps, minmay_crypt_entry_simple_box, v_rooms_3,
          v_pattern_1, vaults_room_fours, nicolae_vaults_tetromino_T_2,
          vaults_mumra_minichess, nicolae_vaults_rhombus_5,
          hangedman_vaults_locks, v_misc_22,
          nicolae_vaults_trapezoid_lopsided_3, ontoclasm_vaults_pinch,
          ontoclasm_vaults_twist, v_alt_pattern_4, layout_vaults_big_cross,
          uniq_mennas
Vaults:3: vaults_room_boxed, hangedman_vaults_variations,
          nicolae_vaults_sealed_display, grunt_vaults_bifocal, v_misc_3,
          nicolae_vaults_oval_intersection, serial_ice_m,
          ontoclasm_vaults_gateway, vaults_dpeg_ring, layout_vaults_big_room
Vaults:4: lightli_enter_wizlab_magi_temple, nicolae_vaults_network_square,
          vaults_dpeg_encased_lava, ontoclasm_vaults_eye,
          nicolae_vaults_little_squares_6, nicolae_vaults_more_shelving_2,
          hangedman_vaults_cutoff, v_misc_23, ontoclasm_vaults_misaligned,
          v_pattern_3, nicolae_vaults_network_quinsquares
          [nicolae_vaults_network_quincunx_subvault,
          nicolae_vaults_network_quincunx_subvault,
          nicolae_vaults_network_quincunx_subvault,
          nicolae_vaults_network_quincunx_subvault],
          hangedman_vaults_corner_blocks, nicolae_vaults_little_guard_posts,
          nicolae_vaults_trapezoid_lopsided_1, ontoclasm_vaults_loading_screen,
          layout_vaults_ring
Depths:1: layout_gridlike, grunt_mini_vestibule, hangedman_abyss_entry_splay,
          grunt_decor_one_mirror, kennysheep_small_circle, minmay_shop_grove
Depths:2: minmay_five_octagons, layout_gridlike, enter_ziggurat_d,
          kiku_gazebo_pond_becter, pan_entry, hell_entry,
          minmay_staircase_windowed_large
Depths:3: cheibrodos_quadrivalence, layout_cave_pools, pan_entry,
          nicolae_abyss_entry_one_way_or_another, pf_hell_entry_tar_spiral,
          serial_shops, statue_bzr, firewood_loft
Depths:4: grunt_zot_entry_gee_three, layout_cave_shapes, rand_demon_pan_entry_3,
          serial_shops, nicolae_shop_real_fake_doors, hell_entry,
          nicolae_kite_square_tiling_tiny, minmay_misc_feat_square,
          nicolae_tricolors
Zot:1:    layout_cellular_growth, regret_index_zotdec_gossamer_parallel
Zot:2:    layout_concentric_octagons
Zot:3:    hangedman_orp_of_zott, layout_basic, bh_zot_ikea_curve
Zot:4:    layout_gridlike
Zot:5:    layout_onion

Skill      XL: |  1  2  3  4  5  6  7  8  9 10 11 12 13 14 15 16 17 18 19 20 21 22 23 24 25 |
---------------+----------------------------------------------------------------------------+-----
Conjurations   | 1 2 5 7 8 9 11 12 | 12.9
Fire Magic     | 3 4 5 6 7 8 10 11 13 15 | 15.9
Spellcasting   | 2 3 5 6 7 8 9 10 | 10.5
Translocations | 2 |  2.0
Evocations     | 2 3 5 6 |  6.8
Fighting       | 2 4 6 9 10 12 13 14 17 19 | 19.9
Air Magic      | 7 8 10 11 13 14 16 19 | 19.6
Armour         | 2 3 5 9 13 14 18 19 21 22 23 | 23.3
Shields        | 3 4 10 12 | 12.9
Hexes          | 1 |  1.4
Dodging        | 2 3 4 6 7 9 |  9.2
Ice Magic      | 5 |  5.3
Alchemy        | 3 4 |  4.2
Stealth        | |  2.1

Action                     |  1- 3 |  4- 6 |  7- 9 | 10-12 | 13-15 | 16-18 | 19-21 | 22-24 | 25-27 || total
---------------------------+-------+-------+-------+-------+-------+-------+-------+-------+-------++-------
  Melee: Unarmed           |     4 |    34 |       |       |       |       |       |       |       ||    38
         Dagger            |     1 |    16 |       |       |       |       |       |       |       ||    17
         Spear             |     1 |       |       |       |       |       |       |       |       ||     1
         Tailslap          |       |     1 |     1 |     4 |     1 |     7 |    12 |    10 |       ||    36
         Flail             |       |       |    12 |     6 |       |       |       |       |       ||    18
         Staff             |       |       |       |    11 |    20 |    26 |    34 |    23 |       ||   114
  Throw: Dart              |       |       |       |     3 |       |       |       |       |       ||     3
   Cast: Foxfire           |    66 |    23 |    59 |    11 |       |       |       |       |       ||   159
         Scorch            |    12 |    33 |   110 |    88 |    10 |     5 |       |       |       ||   258
         Volatile Blastmot |       |       |     4 |    15 |       |       |       |       |       ||    19
         Flame Wave        |       |       |     9 |    10 |       |       |       |       |       ||    19
         Arcjolt           |       |       |       |    92 |   125 |    63 |    57 |    23 |       ||   360
         Swiftness         |       |       |       |     2 |       |       |     1 |     3 |       ||     6
         Inner Flame       |       |       |       |    14 |    10 |       |     1 |       |       ||    25
         Plasma Beam       |       |       |       |     3 |   346 |   433 |   478 |   591 |    37 ||  1888
         Freezing Cloud    |       |       |       |       |     4 |     1 |       |       |       ||     5
         Fireball          |       |       |       |       |    10 |   116 |    88 |    16 |       ||   230
         Starburst         |       |       |       |       |       |    10 |     3 |     1 |       ||    14
         Irradiate         |       |       |       |       |       |       |    29 |    55 |       ||    84
         Maxwell's Capacit |       |       |       |       |       |       |     2 |    54 |     4 ||    60
 Invoke: Curse Item        |       |       |     3 |     4 |     2 |     4 |     1 |     2 |       ||    16
         Shatter the Chain |       |       |       |     1 |     2 |     1 |     1 |     1 |       ||     6
  Evoke: Wand              |       |       |     3 |    10 |     2 |     3 |     7 |     2 |     5 ||    32
         Box of beasts     |       |       |       |       |     1 |     1 |       |       |       ||     2
         Phantom mirror    |       |       |       |       |     1 |       |       |     1 |       ||     2
         Gell's gravitambo |       |       |       |       |       |     1 |     2 |     1 |     1 ||     5
    Use: Scroll            |     5 |     1 |     5 |     2 |     3 |     3 |     5 |    13 |     2 ||    39
         Potion            |       |     1 |       |     2 |     1 |     1 |     1 |     8 |     4 ||    18
   Stab: Sleeping          |       |     1 |       |       |       |       |       |       |       ||     1
         Confused          |       |     1 |       |       |       |       |       |       |       ||     1
         Distracted        |       |       |       |       |       |       |     1 |       |       ||     1
 Armour: Robe              |    12 |       |       |       |       |       |       |       |       ||    12
         Leather armour    |     6 |    28 |    64 |   137 |   112 |       |       |       |       ||   347
         Skin              |       |    27 |       |       |       |       |       |       |       ||    27
         Ring mail         |       |       |       |       |    24 |   139 |       |       |       ||   163
         Chain mail        |       |       |       |       |       |    13 |   209 |   478 |    30 ||   730
  Dodge: Dodged            |    11 |    38 |    63 |   112 |   133 |   134 |   133 |   188 |    10 ||   822
         Repelled          |       |       |       |     1 |    14 |    26 |    46 |       |       ||    87
  Block: Buckler           |       |       |       |    24 |    39 |       |       |       |       ||    63
         Kite shield       |       |       |       |       |    28 |   165 |   188 |   250 |    15 ||   646

Table legend: (Time is in decaauts)
 A = Elapsed time spent in this place.
 B = Non-inter-level travel time spent in this place.
 C = Inter-level travel time spent in this place.
 D = Time resting spent in this place.
 E = Time spent auto-exploring this place.
 F = Levels seen in this place.
 G = Mean time per level.
                   A        B        C        D        E       F      G
               +--------+--------+--------+--------+--------+-----+--------+
         Total | 106934 |  96139 |  10795 |  51501 |  26980 |  55 | 1944.3 |
       Dungeon |  26779 |  22519 |   4260 |   8734 |   9403 |  15 | 1785.3 |
        Temple |     33 |     14 |     19 |      0 |      0 |   1 |   33.0 |
          Lair |  12604 |  11183 |   1421 |   6669 |   2719 |   5 | 2520.8 |
        Shoals |   7970 |   7345 |    625 |   4549 |   1632 |   4 | 1992.5 |
   Spider Nest |   9329 |   8371 |    958 |   4919 |   2110 |   4 | 2332.2 |
    Slime Pits |   3421 |   3156 |    265 |   1932 |    160 |   5 |  684.2 |
  Orcish Mines |   4202 |   3530 |    672 |   2107 |    928 |   2 | 2101.0 |
   Elven Halls |   6630 |   6189 |    441 |   3451 |   1582 |   3 | 2210.0 |
        Vaults |  10998 |  10240 |    758 |   5483 |   3005 |   4 | 2749.5 |
        Depths |  11188 |  10182 |   1006 |   6321 |   2298 |   4 | 2797.0 |
           Zot |  11737 |  11371 |    366 |   6307 |   3004 |   5 | 2347.4 |
        Bazaar |    192 |    192 |      0 |    106 |      0 |   1 |  192.0 |
        Wizlab |   1073 |   1073 |      0 |    615 |      0 |   1 | 1073.0 |
      Gauntlet |    771 |    771 |      0 |    304 |    136 |   1 |  771.0 |
               +--------+--------+--------+--------+--------+-----+--------+

Top non-repeatable levels by time:
Depths:4: 5279 daAuts
  Lair:1: 3907 daAuts
Vaults:2: 3570 daAuts
   Zot:5: 3512 daAuts
Vaults:1: 3270 daAuts
   Zot:3: 3218 daAuts
Shoals:3: 3114 daAuts
   Orc:2: 3066 daAuts
Depths:2: 2905 daAuts
     D:9: 2865 daAuts
   Elf:3: 2807 daAuts
Spider:1: 2804 daAuts
  Lair:2: 2786 daAuts
Spider:2: 2702 daAuts
  Lair:4: 2638 daAuts
